 Dungeon Crawl Stone Soup version 0.31-a0-234-gad7ace16ef (webtiles) character file.

Game seed: 9630424873830435577

18 qw the Shooter (level 2, -1/16 HPs)
             Began as a Gargoyle Hexslinger on July 9, 2023.
             Slain by a goblin
             ... wielding a +0 dagger
              (2 damage)
             ... on level 2 of the Dungeon.
             The game lasted 00:00:12 (483 turns).

qw the Shooter (Gargoyle Hexslinger)                 Turns: 483, Time: 00:00:13

Health: -1/16      AC:  4    Str: 11    XL:     2   Next: 66%
Magic:  3/3        EV: 12    Int: 13    God:
Gold:   82         SH:  0    Dex: 12    Spells: 2/3 levels left

rFire   . . .        Y - +1 sling
rCold   . . .        (no shield)
rNeg    + . .        c - +0 robe
rPois   inf          (no helmet)
rElec   +            (no cloak)
rCorr   .            (no gloves)
SInv    .            (no boots)
Will    .....        (no amulet)
Stlth   +            (no ring)
HPRegen 0.22/turn    (no ring)
MPRegen 0.08/turn

%: no passive effects
@: no status effects
A: sickness immunity, AC +2, negative energy resistance 1, electricity
resistance, torment resistance 1, petrification resistance
a: no special abilities


You were on level 2 of the Dungeon.
You visited 1 branch of the dungeon, and saw 2 of its levels.

You collected 82 gold pieces.


Innate Abilities, Weirdness & Mutations

You are immune to sickness and miasma.
Your stone body is resilient. (AC +2)
You are immune to poison.
You resist negative energy. (rN+)
You are resistant to electric shocks. (rElec)
You are resistant to unholy torment.
You are immune to petrification.


   Skills:
 + Level 1.5 Fighting
 - Level 3.0 Ranged Weapons
 - Level 1.5 Dodging
 - Level 1.0 Spellcasting
 - Level 2.6 Hexes


You had 2 spell levels left.
You knew the following spells:

 Your Spells              Type           Power      Damage    Failure   Level
a - Slow                  Hex            28%        N/A       10%         1

Your spell library contained the following spells:

 Spells                   Type           Power      Damage    Failure   Level
 Inner Flame              Hex/Fire       4%         N/A       43%         3
 Portal Projectile        Hex/Tloc       8%         N/A       43%         3
 Cause Fear               Hex            3%         N/A       67%         4

Inventory:

Hand Weapons
 Y - a +1 sling (weapon)
Armour
 c - a +0 robe (worn)
Scrolls
 a - a scroll of identify
Potions
 f - a potion of attraction {unknown}
 g - a potion of haste {unknown}
 h - a potion of curing {unknown}

Dungeon Overview and Level Annotations

Branches:
Dungeon (2/15)

Altars:


Message History

You shoot a sling bullet.
The sling bullet misses the frilled lizard.
You shoot a sling bullet.
The sling bullet hits the frilled lizard.
You kill the frilled lizard!
A kobold comes into view. It is wielding a +0 club.
The bat hits you but does no damage.
You shoot a sling bullet.
The sling bullet closely misses the bat.
The kobold shouts!
A bat comes into view.
The bat hits you but does no damage. The quokka bites you.
An endoplasm comes into view.
The goblin hits you but does no damage.
The bat moves out of view.
You shoot a sling bullet. The sling bullet misses the goblin.
The bat closely misses you. x2; The quokka bites you.
The goblin hits you but does no damage. The quokka misses you.
You shoot a sling bullet.
The sling bullet barely misses the goblin.
The bat hits you but does no damage. The goblin hits you with a +0 dagger.
The bat misses you. The quokka misses you.
You shoot a sling bullet. The sling bullet hits the bat.
You kill the bat!
The quokka bites you.
The goblin barely misses you. x2; The quokka misses you.
You shoot a sling bullet.
The sling bullet closely misses the goblin.
The sling bullet hits the kobold.
You kill the kobold!
The bat misses you. The quokka bites you. The goblin hits you with a +0 dagger.
You shoot a sling bullet. The sling bullet hits the goblin.
The goblin is severely wounded.
The bat hits you but does no damage.
The quokka bites you but does no damage.
The goblin hits you but does no damage. The quokka barely misses you.
You shoot a sling bullet.
The sling bullet barely misses the goblin.
The sling bullet hits the endoplasm.
You kill the endoplasm!
The bat hits you. The goblin hits you with a +0 dagger.
You die...

#.. ..... ..## .....
.....#...... #####...#
......... #.....#
..#......
##.#########.%......
.####..........b........
.##....'########@g).....
.##.##.#........#r......
.##.##.#.'####'.#.......
.##.##.#.#....#.#.......
.#..##.#.#.##.#.#.#####.
.#.##..#.#.##.#.#.#
.......#.#....#.#.#
.#####.#.+####+.#.. .#
#.. ..#


You could see a quokka, a goblin and a bat.

Vanquished Creatures
  4 bats
  3 endoplasms
  A giant cockroach (D:1)
  A goblin (D:1)
  2 quokkas
  4 frilled lizards
  2 kobolds
  A rat (D:1)
18 creatures vanquished.

Notes
Turn   | Place    | Note
-------+----------+-------------------------------------------
     0 | D:1      | qw the Gargoyle Hexslinger began the quest for the Orb.
     0 | D:1      | Reached XP level 1. HP: 12/12 MP: 2/2
     0 | D:1      | 0 ||| qw: Version: 0.3-a-51-g015441d
     0 | D:1      | 0 ||| qw: Game counter: 4190
     0 | D:1      | 0 ||| qw: Melee chars always use a shield: true
     0 | D:1      | 0 ||| qw: God list: Okawaru
     0 | D:1      | 0 ||| qw: Allow faded altars: false
     0 | D:1      | 0 ||| qw: Do Orc after clearing Dungeon:15 true
     0 | D:1      | 0 ||| qw: Do second Lair branch before Depths: true
     0 | D:1      | 0 ||| qw: Lair rune preference: random
     0 | D:1      | 0 ||| qw: Goals: Normal
     0 | D:1      | 0 ||| PLANNING D:1-11
   171 | D:1      | Reached XP level 2. HP: 16/16 MP: 3/3
   361 | D:1      | 361 ||| READING scroll labelled QUMOCUIDAL.
   362 | D:1      | 362 ||| READING scroll labelled XYTSETWU XUPI.
   366 | D:1      | 366 ||| DROPPING scroll of poison.
   415 | D:2      | Found a faded altar of an unknown god.
   419 | D:2      | Reached skill level 3 in Ranged Weapons
   481 | D:2      | HP: 2/16 [quokka (3)]
   483 | D:2      | Slain by a goblin

Levels and vault maps discovered:
D:1:      sevenhm_arrival_forest_fort_small_4, layout_rooms
D:2:      layout_rooms, serial_shops, nicolae_shop_rolled_up,
          ebering_ecumenical_altar_box, minivault_11, kennysheep_boxes

Skill      XL: |  1  2 |
---------------+-------+-----
Ranged Weapons | 3 |  3.0
Fighting       | |  1.5
Dodging        | |  1.5
Spellcasting   | |  1.0
Hexes          | |  2.6

Action                     || total
---------------------------++-------
   Fire: Sling             ||    46
    Use: Scroll            ||     2
 Armour: Robe              ||    10
  Dodge: Dodged            ||    22

Table legend:
 A = Non-vault XP
 B = Vault XP
 C = Vault XP percentage of total XP
 D = Non-vault monster count
 E = Vault monster count
 F = Vault count percentage of total count
                 A         B        C        D         E       F
            +---------+---------+-------+---------+---------+-------
      Total |      28 |       0 |   0.0 |      18 |       0 |   0.0
            +---------+---------+-------+---------+---------+-------
        D:1 |      15 |       0 |   0.0 |      10 |       0 |   0.0
        D:2 |      13 |       0 |   0.0 |       8 |       0 |   0.0
            +---------+---------+-------+---------+---------+-------
